Map: Romanticide LE

Players

SpeCial - Winner!

  • Race: Terran Terran

Kelazhur

  • Race: Terran Terran

Event: DreamHack SC2 Masters 2021 Winter

VOD

Have the link to the VOD?

Description

Time

  • Played on: Oct. 2, 2021, 4:19 p.m.
  • Length: 12:26

All games in this series

Show
View Real Time Build Order
Export as new Build Order

SpeCial Terran - Winner!

Build Orders: Mech 

Get SALT Encoding   

  12  0:00  SCV  
  14  0:15  Supply Depot  
  14  0:18  SCV  
  14  0:37  Barracks  
  14  0:40  Refinery  
  14  0:45  SCV  
  15  0:58  Barracks  
  15  1:03  SCV  
  16  1:15  SCV  
  17  1:24  Reaper  
  18  1:27  Orbital Command  
  18  1:45  Reaper  
  20  1:54  SCV  
  20  1:58  Supply Depot  
  20  1:59  Reaper  
  21  2:06  SCV  
  22  2:20  Command Center  
  22  2:23  Marine  
  22  2:26  SCV  
  24  2:34  Marine  
  25  2:37  Factory  
  25  2:40  SCV  
  26  2:46  Refinery  
  26  2:49  Bunker  
  26  2:52  SCV  
  27  2:58  Supply Depot  
  27  3:04  SCV  
  28  3:16  SCV  
  29  3:21  Factory Tech Lab  
  29  3:24  Starport  
  30  3:29  SCV  
  30  3:31  Orbital Command  
  30  3:40  Cyclone  
  33  3:43  SCV  
  33  3:46  Refinery  
  34  3:55  SCV  
  35  3:58  SCV  
  35  4:01  Starport Tech Lab  
  36  4:07  SCV  
  37  4:10  SCV  
  38  4:19  SCV, Raven  
  38  4:22  SCV  
  42  4:26  Command Center  
  42  4:31  SCV  
  42  4:34  Siege Tank  
  42  4:35  SCV  
  47  4:44  SCV  
  47  4:45  Refinery  
  48  4:47  SCV, Barracks Reactor  
  49  4:54  Supply Depot  
  49  4:56  SCV  
  49  4:59  SCV  
  51  5:05  Raven  
  52  5:08  SCV  
  52  5:14  SCV  
  49  5:24  SCV  
  49  5:26  SCV  
  50  5:37  SCV  
  50  5:38  SCV  
  50  5:39  Siege Tank, Orbital Command  
  55  5:42  Factory  
  55  5:44  Engineering Bay  
  55  5:48  Supply Depot  
  55  5:49  SCV  
  56  5:50  Barracks Reactor, SCV  
  56  5:55  Viking  
  59  5:58  Orbital Command  
  59  6:00  Viking  
  59  6:01  SCV  
  59  6:02  SCV  
  63  6:11  Missile Turret  
  63  6:13  SCV, Siege Tank  
  63  6:14  SCV  
  68  6:19  Missile Turret  
  68  6:24  SCV  
  68  6:25  SCV  
  70  6:26  Factory  
  70  6:28  SCV  
  71  6:38  Liberator, SCV x2  
  71  6:39  Hellion x2  
  80  6:42  Supply Depot  
  80  6:44  Supply Depot  
  80  6:45  Supply Depot, SCV, Hellion  
  82  6:48  Liberator  
  82  6:51  Refinery  
  82  6:52  Refinery  
  85  7:04  Hellion x2, SCV x3  
  85  7:05  Sensor Tower  
  85  7:06  Supply Depot  
  85  7:07  Supply Depot  
  85  7:08  Supply Depot  
  92  7:16  SCV x2, Siege Tank  
  92  7:20  Siege Tank  
  100  7:24  SCV  
  100  7:28  SCV  
  106  7:30  Hellion x2  
  106  7:33  Factory  
  106  7:35  Factory  
  106  7:37  Viking  
  108  7:39  SCV x2  
  108  7:42  Viking  
  112  7:46  Supply Depot  
  114  7:51  Hellion  
  114  7:52  Hellion  
  114  7:54  Siege Tank  
  114  7:57  Siege Tank  
  122  7:59  SCV  
  122  8:02  SCV x2  
  125  8:06  Infernal Pre-Igniter  
  122  8:17  Medivac x2  
  126  8:20  SCV  
  126  8:21  SCV  
  126  8:23  Hellion x2, Factory Tech Lab  
  126  8:25  Factory Reactor  
  132  8:28  Siege Tank  
  132  8:29  SCV  
  120  8:35  SCV  
  120  8:37  SCV  
  113  8:41  SCV  
  113  8:48  Hellion x2, Siege Tank x2  
  110  8:50  SCV x2  
  110  8:53  SCV  
  121  8:58  Command Center  
  121  9:02  SCV  
  120  9:06  Supply Depot  
  120  9:08  Supply Depot  
  120  9:09  Hellion x3  
  128  9:10  Hellion  
  128  9:12  Siege Tank  
  131  9:20  Armory  
  131  9:22  Armory  
  131  9:24  Medivac x2  
  131  9:31  Hellion x2  
  139  9:35  Supply Depot  
  139  9:36  Siege Tank  
  142  9:39  Siege Tank  
  142  9:40  Hellion  
  142  9:43  Hellion  
  149  9:52  Hellion  
  151  9:53  Hellion  
  151  9:54  Viking x2  
  157  10:05  Supply Depot x2  
  157  10:08  Hellion  
  157  10:10  Terran Vehicle Weapons Level 1, Terran Vehicle And Ship Armor Level 1  
  157  10:13  Missile Turret  
  156  10:15  Missile Turret  
  156  10:16  Hellion  
  156  10:17  Hellion x2  
  162  10:24  Siege Tank, Viking  
  162  10:28  Siege Tank  
  170  10:36  Planetary Fortress  
  170  10:38  SCV  
  170  10:40  SCV  
  172  10:43  Hellion  
  172  10:44  Refinery  
  172  10:48  Missile Turret, Refinery  
  174  10:52  Siege Tank  
  174  10:53  Hellion  
  179  10:59  Hellion x2  
  181  11:04  Sensor Tower  
  181  11:06  Siege Tank  
  181  11:10  Siege Tank  
  187  11:18  Supply Depot  
  187  11:28  Hellion  
  187  11:29  Hellion  
  186  11:33  Siege Tank  
  186  11:39  Siege Tank  
  181  11:41  Refinery  
  181  11:42  Viking x2  
  178  11:56  Hellion  
  178  11:58  Hellion  
  180  12:11  SCV  
Show
View Real Time Build Order
Export as new Build Order

Kelazhur Terran 

Build Orders:  

Get SALT Encoding   

  12  0:00  SCV  
  13  0:12  SCV  
  14  0:17  Supply Depot  
  14  0:24  SCV  
  15  0:38  SCV  
  15  0:40  Barracks  
  16  0:43  Refinery  
  16  0:50  SCV  
  16  0:53  Refinery  
  17  1:02  SCV  
  18  1:14  SCV  
  19  1:27  Reaper, Orbital Command  
  19  1:29  Supply Depot  
  20  1:42  Factory  
  20  1:52  SCV  
  21  1:59  Reaper  
  22  2:05  SCV  
  23  2:17  SCV  
  24  2:26  Hellion  
  24  2:29  SCV  
  25  2:31  Reaper  
  25  2:40  Command Center  
  25  2:42  SCV  
  26  2:47  Hellion  
  28  2:54  SCV  
  28  2:57  Supply Depot  
  29  3:06  Barracks Reactor, SCV  
  30  3:18  SCV, Factory Tech Lab  
  31  3:23  Starport  
  31  3:30  SCV  
  32  3:38  Cyclone  
  35  3:42  SCV, Marine x2  
  35  3:46  Supply Depot  
  38  3:52  Orbital Command  
  38  3:54  SCV  
  39  4:00  Marine x2  
  39  4:02  Starport Tech Lab  
  41  4:07  SCV  
  42  4:11  Siege Tank  
  45  4:17  Orbital Command  
  45  4:23  SCV  
  46  4:26  Raven  
  46  4:28  Marine x2  
  50  4:35  SCV  
  51  4:40  Refinery  
  51  4:43  SCV  
  52  4:47  SCV  
  52  4:50  Marine x2  
  52  4:51  Siege Tank  
  58  4:56  SCV  
  58  4:57  Supply Depot  
  58  4:58  Supply Depot  
  58  4:59  SCV  
  59  5:08  SCV  
  59  5:11  SCV  
  59  5:20  SCV  
  59  5:23  SCV, Siege Tank  
  55  5:32  SCV  
  55  5:34  Starport Reactor  
  55  5:36  SCV, Barracks  
  55  5:40  Engineering Bay, Barracks  
  55  5:41  Marine  
  55  5:42  Stimpack  
  57  5:44  SCV  
  57  5:48  SCV  
  59  5:55  Siege Tank  
  59  5:56  SCV  
  63  6:00  SCV  
  63  6:02  Marine  
  65  6:04  Refinery  
  65  6:06  Supply Depot, Terran Infantry Weapons Level 1  
  65  6:09  SCV  
  66  6:12  SCV  
  67  6:19  Starport Reactor  
  67  6:20  Marine  
  67  6:21  SCV  
  67  6:24  SCV  
  70  6:27  Siege Tank  
  70  6:28  Supply Depot, Marine x2  
  70  6:32  Marine x2  
  77  6:34  SCV  
  77  6:36  SCV  
  77  6:38  Supply Depot, Marine  
  80  6:46  SCV  
  81  6:49  Marine x3  
  83  6:57  Medivac x2  
  83  6:58  Marine  
  88  7:01  Siege Tank  
  88  7:02  Command Center  
  88  7:05  Supply Depot  
  88  7:07  Marine  
  91  7:09  Marine x3  
  94  7:16  Marine  
  95  7:23  SCV x2, Combat Shield  
  95  7:25  Marine  
  95  7:26  Marine  
  95  7:27  Supply Depot, Marine x2  
  101  7:34  Marine  
  102  7:38  Medivac x2  
  102  7:41  Siege Tank  
  102  7:43  Marine  
  110  7:49  SCV  
  110  7:50  Supply Depot, Marine  
  110  7:51  Marine  
  113  7:53  Supply Depot, Marine x2  
  115  7:59  SCV  
  115  8:01  SCV, Terran Infantry Armor Level 1  
  115  8:04  Marine  
  117  8:08  Marine  
  117  8:11  Marine  
  118  8:17  SCV  
  118  8:29  Marine  
  118  8:31  Marine  
  118  8:32  Marine x2  
  118  8:33  SCV  
  117  8:39  SCV  
  117  8:40  Barracks  
  94  8:41  Barracks  
  85  8:49  Marine x2  
  85  8:51  Orbital Command  
  85  8:53  SCV  
  88  8:56  SCV  
  88  8:58  Marine  
  88  8:59  Concussive Shells  
  90  9:05  SCV  
  90  9:08  SCV  
  92  9:13  Viking x2  
  92  9:15  Siege Tank  
  99  9:17  SCV  
  99  9:18  SCV  
  101  9:27  SCV, Command Center  
  101  9:29  SCV  
  103  9:33  SCV  
  103  9:36  Refinery x2  
  102  9:39  SCV  
  102  9:45  Viking x2  
  107  9:50  Barracks Tech Lab x2, SCV  
  107  9:52  SCV  
  108  9:58  SCV  
  109  10:02  Siege Tank  
  109  10:03  SCV  
  109  10:04  SCV  
  114  10:10  Marauder x3, SCV, Marine x3  
  114  10:11  Marine  
  125  10:15  Supply Depot x2, SCV  
  125  10:20  Viking x2  
  130  10:27  Armory  
  129  10:28  Sensor Tower  
  129  10:35  Siege Tank  
  129  10:38  Marauder x3, Marine  
  139  10:47  SCV x3  
  142  10:58  Viking x2  
  142  10:59  SCV  
  142  11:00  SCV x2  
  143  11:08  Siege Tank  
  146  11:11  SCV  
  146  11:12  Sensor Tower  
  146  11:14  SCV  
  146  11:15  Missile Turret x2  
  146  11:31  SCV  
  145  11:35  SCV  
  145  11:36  Marauder x2, Marine x3  
  145  11:37  Marauder  
  135  11:40  Siege Tank  
  135  11:45  Marine  
  135  11:47  Viking x2  
  124  11:56  Marine x3  
  124  11:58  Marauder x3  
  128  12:03  Marine  

Tags
 
Add a new tag
Caveats
  • Supply blocks, unpowered buildings, or Contaminate may cause inaccurate times.
  • Supply counts are checked every 10 seconds.